 Dungeon Crawl Stone Soup version 0.31-a0-846-gb3bcc0d938 (webtiles) character file.

Game seed: 14894719141525241199

931 lunkers the Grappler (level 8, -5/57 (59) HPs)
             Began as a Meteoran Shapeshifter on Oct 3, 2023.
             Was a Follower of Okawaru.
             Slain by a wight
             ... wielding a +0 dire flail
              (12 damage)
             ... on level 6 of the Dungeon.
             The game lasted 00:06:55 (2412 turns).

lunkers the Grappler (Meteoran Shapeshifter)        Turns: 2412, Time: 00:06:56

HP:   -5/57 (59)    AC:  6    Str: 17    XL:     8   Next: 59%
MP:   8/9           EV: 15    Int: 11    God:    Okawaru [*.....]
Gold: 738           SH:  0    Dex: 21    Spells: 7/7 levels left

rFire   . .          .
                       - Unarmed
rCold   . . .        (no shield)
rNeg    + . .        r - +0 ring mail of Lilacs {rN+ Dex+6}
rPois   .            (helmet currently unavailable)
rElec   .            (cloak currently unavailable)
rCorr   .            (gloves currently unavailable)
SInv    .            (boots currently unavailable)
Will    +....        (no amulet)
Stlth   +            (no ring)
HPRegen 0.29/turn    (no ring)
MPRegen 0.11/turn

%: no passive effects
@: beast-form, heroic, glowing, lightly drained
A: beast (slay +3), sense surroundings 1, otherworldly, glowing, explore regen
a: Begin Untransformation, Renounce Religion, Heroism


You were on level 6 of the Dungeon.
You worshipped Okawaru.
Okawaru was aware of your devotion.
You were a hulking beast.
You visited 2 branches of the dungeon, and saw 7 of its levels.
You also visited: Sewer.

You collected 738 gold pieces.

Inventory:

Armour
 q - a +1 pair of gloves
 r - the +0 ring mail of Lilacs (worn) {rN+ Dex+6}
   (You found it on level 4 of the Dungeon)

   Dex+6:     It affects your dexterity (+6).
   rN+:       It protects you from negative energy.
Jewellery
 f - an amulet of guardian spirit
Talismans
 c - a beast talisman (active)
 d - a flux talisman
Scrolls
 g - a scroll of enchant weapon
 h - a scroll of amnesia
Potions
 a - a potion of magic {unknown}
 b - 4 potions of attraction
 e - 3 potions of might {unknown}
 k - a potion of mutation
 m - 2 potions of enlightenment
 o - a potion of brilliance {unknown}
 p - 2 potions of haste
 s - a potion of resistance {unknown}
 u - a potion of lignification
 x - 3 potions of curing


   Skills:
 + Level 1.2(6.2) Fighting
 + Level 2.3(7.3) Dodging
 * Level 9.5(14.5) Unarmed Combat
 + Level 0.4 Invocations
 + Level 6.7 Shapeshifting


You had 7 spell levels left.
You didn't know any spells.
Your spell library contained the following spells:

 Spells                   Type           Power      Damage    Failure   Level
 Blink                    Tloc           0%         N/A       67%         2
 Sublimation of Blood     Necr           0%         N/A       67%         2
 Wereblood                Tmut           0%         N/A       67%         2
 Manifold Assault         Tloc           0%         N/A       99%         4
 Ozocubu's Refrigeration  Ice            0%         4d7       100%        7
 Polar Vortex             Ice            0%         N/A       100%        9
 Simulacrum               Ice/Necr       Unusable   N/A       N/A         6
 Summon Hydra             Summ           Unusable   N/A       N/A         7

Dungeon Overview and Level Annotations

Branches:
Dungeon (6/15) Zot: 1584   Temple (1/1) D:4 Zot: 591   Sewer (visited)

Altars:
Ashenzari
Cheibriados
Elyvilon
Fedhas
Gozag
Hepliaklqana
Makhleb
Nemelex Xobeh
Okawaru
Qazlal
Ru
Trog
Uskayaw
Wu Jian
Yredelemnul
Zin
The Shining One

Shops:
D:2 *


Innate Abilities, Weirdness & Mutations

You are a hulking beast.
Your limbs bulge with bestial killing power. (Slay +3)
You passively map a small area around you.
You are easily found by Zot.
You glow in the dark.
You regain HP and MP as you explore.


Message History

Unknown command.
You hit the wight but do no damage.
The wight is heavily damaged.
Unknown command.
You hit the wight but do no damage.
The wight is heavily damaged.
The wight hits you with a +5 trident.
* * * LOW HITPOINT WARNING * * *
You gain the combat prowess of a mighty hero.
The wight misses you.
Unknown command.
You hit the wight.
The wight is severely damaged.
The wight hits you with a +5 trident!
* * * LOW HITPOINT WARNING * * *
You hit the wight but do no damage. You punch the wight.
The wight is almost destroyed.
The wight hits you with a +5 trident!
* * * LOW HITPOINT WARNING * * *
You partially resist.
You feel drained.
You punch the wight!
You destroy the wight!
Okawaru accepts your kill.
You closely miss the orc. You barely miss the orc. You punch the orc.
The orc is severely wounded.
The orc closely misses you.
You barely miss the orc.
The orc is severely wounded.
The orc hits you but does no damage.
You pummel the orc!!
You kill the orc!
Okawaru accepts your kill.
You hit the wight. You punch the wight.
The wight is moderately damaged.
The wight barely misses you.
You hit the wight but do no damage.
The wight is moderately damaged.
The wight hits you with a +0 dire flail!
You die...

#.## #..#.#.##.#
** ...#.##..#)#o#
, ,
..........#..# ,,
, *
...#.##.†###....
*
........).#..####
* ,
....!........# **
, *
,......#)##.#.# *
* ...####z# .#,#
, ...####h##.#.##
*
...............,
, *
#######.#..####
#.#..# #.#,.# * *
#.# .. , ..<, ##
, ### , * * , , ,


You could see a wight.

Vanquished Creatures
  Grinder (D:3)
  A phantom (D:4)
  A scorpion (D:5)
  2 wights (D:6)
  A howler monkey (D:5)
  A hound (D:5)
  An orc priest (D:6)
  3 sleepcaps
  Jessica (D:3)
  2 iguanas
  An orc wizard (D:2)
  A river rat (Sewer)
  11 adders
  3 worms
  5 dart slugs
  15 orcs
  9 ball pythons
  4 endoplasms
  6 giant cockroaches
  4 goblins
  6 hobgoblins
  6 jackals (D:1)
  4 quokkas
  7 bats
  9 frilled lizards
  7 kobolds
  11 rats
123 creatures vanquished.

Notes
Turn   | Place    | Note
-------+----------+-------------------------------------------
     0 | D:1      | lunkers the Meteoran Shapeshifter began the quest for the
                  | Orb.
     0 | D:1      | Reached XP level 1. HP: 16/16 MP: 2/2
    56 | D:1      | Reached skill level 4 in Unarmed Combat
    56 | D:1      | Reached XP level 2. HP: 7/23 MP: 3/3
   119 | D:1      | Reached XP level 3. HP: 28/28 MP: 4/4
   279 | D:1      | Reached XP level 4. HP: 29/35 MP: 5/5
   361 | D:2      | Reached skill level 5 in Unarmed Combat
   480 | D:2      | Reached XP level 5. HP: 40/40 MP: 6/6
   635 | D:2      | Found a blossoming altar of Fedhas.
   687 | D:2      | Found Quxig's Assorted Antiques.
   697 | D:3      | Noticed Grinder
   717 | D:3      | Killed Grinder
   718 | D:3      | Reached skill level 7 in Unarmed Combat
   718 | D:3      | Reached skill level 5 in Shapeshifting
   718 | D:3      | Reached XP level 6. HP: 47/47 MP: 7/7
   800 | D:3      | Noticed Jessica
   803 | D:3      | Killed Jessica
   804 | D:3      | Reached XP level 7. HP: 52/52 MP: 8/8
  1140 | D:4      | Identified the +0 ring mail of Lilacs {rN+ Dex+6}
  1369 | D:4      | Found a staircase to the Ecumenical Temple.
  1399 | Temple   | Entered the Ecumenical Temple
  1403 | Temple   | Became a worshipper of Warmaster Okawaru
  1503 | D:4      | Found a glowing drain.
  1507 | Sewer    | Entered a sewer
  1620 | Sewer    | Reached skill level 8 in Unarmed Combat
  1785 | Sewer    | Identified a scroll of acquirement
  1785 | Sewer    | Acquired 538 gold pieces
  2116 | D:5      | Entered Level 5 of the Dungeon
  2141 | D:5      | Reached XP level 8. HP: 43/59 MP: 9/9
  2182 | D:5      | Found a stormy altar of Qazlal.
  2183 | D:5      | Found an opulent altar of Gozag.
  2184 | D:5      | Found a hazy altar of Hepliaklqana.
  2184 | D:5      | Found a hide-covered altar of Uskayaw.
  2186 | D:5      | Found a glowing golden altar of the Shining One.
  2270 | D:5      | Reached skill level 9 in Unarmed Combat
  2381 | D:6      | Reached * piety under Okawaru
  2412 | D:6      | Slain by a wight

Illustrated notes

Levels and vault maps discovered:
D:1:      dpeg_arrival_round_b, layout_basic
D:2:      layout_loops_ring, basic_altar, serial_shops, shop,
          uniq_crazy_yiuf_cottage
D:3:      layout_basic, uniq_grinder, uniq_jessica
D:4:      layout_basic, minmay_temple_entry_glass, gup_sewer_entry_bowl
D:5:      nicolae_cairo_tiling, layout_basic, grunt_temple_overflow_open,
          item_on_display_a
D:6:      layout_loops_ring, kennysheep_nub
Temple:   nicolae_temple_x_marks_the_god

Skill      XL: |  1  2  3  4  5  6  7  8 |
---------------+-------------------------+-----
Unarmed Combat | 4 5 7 8 9 |  9.5
Shapeshifting  | 4 5 6 |  6.7
Fighting       | |  1.2
Dodging        | |  2.3
Invocations    | |  0.4

Action                     |  1- 3 |  4- 6 |  7- 9 || total
---------------------------+-------+-------+-------++-------
  Melee: Unarmed           |    64 |    73 |   186 ||   323
         Punch             |     1 |     3 |     7 ||    11
 Invoke: Heroism           |       |       |     1 ||     1
    Use: Potion            |       |     1 |       ||     1
         Scroll            |       |       |    14 ||    14
 Armour: Animal skin       |    29 |     1 |       ||    30
         Ring mail         |       |    29 |   101 ||   130
         Skin              |       |     5 |       ||     5
  Dodge: Dodged            |    46 |    43 |    87 ||   176

Table legend: (Time is in decaauts)
 A = Elapsed time spent in this place.
 B = Non-inter-level travel time spent in this place.
 C = Inter-level travel time spent in this place.
 D = Time resting spent in this place.
 E = Time spent auto-exploring this place.
 F = Levels seen in this place.
 G = Mean time per level.
                   A        B        C        D        E       F      G
               +--------+--------+--------+--------+--------+-----+--------+
         Total |   2434 |   2371 |     63 |     53 |   1482 |   8 |  304.2 |
       Dungeon |   2015 |   1952 |     63 |     25 |   1240 |   6 |  335.8 |
        Temple |      8 |      8 |      0 |      0 |      0 |   1 |    8.0 |
         Sewer |    410 |    410 |      0 |     28 |    242 |   1 |  410.0 |
               +--------+--------+--------+--------+--------+-----+--------+

Top non-repeatable levels by time:
     D:4: 655 daAuts
   Sewer: 410 daAuts
     D:3: 390 daAuts
     D:2: 347 daAuts
     D:1: 339 daAuts
     D:5: 244 daAuts
     D:6: 38 daAuts
  Temple: 8 daAuts
